 Dungeon Crawl Stone Soup version 0.25.0-1-g7eea58d2a3 (webtiles) character file.

Game seed: 5062097769274941221

67 xccam the Chopper (level 4, -1/28 HPs)
             Began as a Gargoyle Fighter on June 13, 2020.
             Slain by Sigmund
             ... wielding a +0 scythe
              (7 damage)
             ... on level 2 of the Dungeon.
             The game lasted 00:01:51 (1247 turns).

xccam the Chopper (Gargoyle Fighter)                Turns: 1247, Time: 00:01:51

Health: -1/28      AC: 10    Str: 21    XL:     4   Next: 16%
Magic:  4/4        EV:  7    Int:  8    God:
Gold:   107        SH:  9    Dex:  9    Spells: 3/3 levels left

rFire    . . .     SeeInvis .   a - +0 war axe
rCold    . . .     Gourm    .   c - +0 kite shield
rNeg     + . .     Faith    .   b - +0 scale mail
rPois    ∞         Spirit   .   (no helmet)
rElec    +         Reflect  .   (no cloak)
rCorr    .         Harm     .   (no gloves)
MR       .....                  (no boots)
Stlth    ..........             (no amulet)
HPRegen  0.09/turn              (no ring)
MPRegen  0.09/turn              (no ring)

@: mighty
A: negative energy resistance 1, electricity resistance, unbreathing,
petrification resistance, rot immunity, AC +3
a: no special abilities


You were on level 2 of the Dungeon.
You were not hungry.

You visited 1 branch of the dungeon, and saw 2 of its levels.

You collected 107 gold pieces.

Inventory:

Hand Weapons
 a - a +0 war axe (weapon)
Armour
 b - a +0 scale mail (worn)
 c - a +0 kite shield (worn)
Scrolls
 h - a scroll of identify {unknown}
 i - a scroll of fear {unknown}
 l - 2 scrolls of remove curse {unknown}
 m - a scroll of enchant armour {unknown}
 n - 2 scrolls of amnesia {unknown}
 p - a scroll of teleportation {unknown}
Potions
 e - a potion of berserk rage {unknown}
 j - a potion of lignification {unknown}
 k - a potion of mutation {unknown}
 o - a potion of stabbing {unknown}
Comestibles
 f - 4 rations
 g - 7 chunks of flesh


   Skills:
 - Level 3.2 Fighting
 + Level 3.9 Axes
 - Level 3.2 Armour
 - Level 3.2 Shields


You had 3 spell levels left.
You didn't know any spells.
Your spell library was empty.

Dungeon Overview and Level Annotations

Branches:
Dungeon (2/15)

Altars:

Annotations:
D:2 Sigmund


Innate Abilities, Weirdness & Mutations

You are resistant to torment.
Your stone body is resilient. (AC +3)
You are immune to poison.
You resist negative energy. (rN+)
You are resistant to electric shocks. (rElec)
You can survive without breathing.
You are immune to petrification.
You are immune to rotting.


Message History

Sigmund is moderately wounded.
Sigmund hits you with a +0 scythe.
Sigmund is nearby!
You hit Sigmund.
Sigmund is moderately wounded.
Sigmund hits you with a +0 scythe.
You completely miss Sigmund.
Sigmund is moderately wounded.
You block Sigmund's attack.
You slash Sigmund!
Sigmund is severely wounded.
Sigmund mumbles some strange words.
Sigmund flickers and vanishes!
Deactivating autopickup; reactivate with Ctrl-A.
You miss something. Something hits you.
You hit something. Something hits you!
* * * LOW HITPOINT WARNING * * *
You feel very mighty all of a sudden. Something hits you!
You die...

#.######..............####
#.#.............####......
###.#.####.########
#.##### #....#.....#
#...... #.....#.######
####### #>#.....# #
#........ #
#.#......##########
#.....#......@{...#
#.#.#......######.#
#.#.####.#.# # #.#.# #.#
#.# #.# #.# ########## #.#
..........


There were no monsters in sight!

Vanquished Creatures
  Natasha (D:2)
  An adder (D:2)
  A worm (D:2)
  A dart slug (D:1)
  A leopard gecko (D:1)
  2 ball pythons
  8 goblins
  3 hobgoblins
  3 bats (D:2)
  2 frilled lizards (D:2)
  A kobold (D:1)
  4 rats
28 creatures vanquished.

Notes
Turn   | Place    | Note
-------+----------+-------------------------------------------
     0 | D:1      | xccam the Gargoyle Fighter began the quest for the Orb.
     0 | D:1      | Reached XP level 1. HP: 14/14 MP: 1/1
   204 | D:1      | Reached XP level 2. HP: 19/19 MP: 2/2
   661 | D:2      | Reached XP level 3. HP: 14/23 MP: 3/3
  1110 | D:2      | Noticed Natasha
  1113 | D:2      | Killed Natasha
  1113 | D:2      | Reached XP level 4. HP: 28/28 MP: 4/4
  1237 | D:2      | Noticed Sigmund
  1247 | D:2      | Slain by Sigmund

Illustrated notes

Levels and vault maps discovered:
D:1:      evilmike_arrival_fibonacci_small, layout_loops_ring
D:2:      layout_loops_ring, first_ration, minmay_misc_feat_chi,
          chequers_big_river, uniq_natasha, uniq_sigmund

Skill      XL: |  1  2 |
---------------+-------+-----
Axes           | 2 3 |  3.9
Fighting       | |  3.2
Armour         | |  3.2
Shields        | |  3.2

Action                   |  1- 3 |  4- 6 || total
-------------------------+-------+-------++-------
Melee: War axe           |   100 |    18 ||   118
  Use: Potion            |       |     1 ||     1
  Eat: Chunk             |     1 |       ||     1
Armor: Scale mail        |    77 |     3 ||    80
Dodge: Dodged            |    35 |     5 ||    40
Block: Kite shield       |    61 |     7 ||    68
